AoeStats
← Gericault667

Oasis

510186031Analyzed
4v4 RM · 2d ago on Sep 29, 2026· 13m 16s· 8 players
Game mode
Random Map
Map size
Large (8 player)
Population
200
Speed
Normal
Resources
Standard
Victory
Conquest
Starting age
Dark Age
Ending age
Imperial Age
RankedLock teamsTeams togetherTeam positionsShared explorationLock speedFull tech treeHidden civsTurbo modeCheats
Victory
Defeat
🇫🇷 Maya · France
1287
+12
🇧🇷 Varangians · Brazil
1258
+14
🇦🇷 Gurjaras · Argentina
1190
+16
🇩🇪 Inca · Germany
1153
+18
🇳🇱 Italians · Netherlands
1231
-16
🇹🇷 Spanish · Türkiye
1208
-15
🇲🇽 Varangians · Mexico
1188
-15
🇺🇸 Saxons · United States
1181
-14
siege marine
11:04 Feudal Age
13:21 Loom
zeyrek
5:10 Loom
11:35 Feudal Age
SheepishBump670
9:49 Loom
12:09 Feudal Age
OomAngel
3:45 Loom
11:14 Feudal Age
Tekz4987
3:03 Loom
11:56 Feudal Age
15:49 Castle Age
Gericault667
0:26 Loom
9:06 Feudal Age
13:28 Fletching
darkdudu
3:23 Loom
9:45 Feudal Age
9:49 Man-at-Arms
10:26 Double-Bit Axe
11:45 Horse Collar
Riky
7:53 Loom
10:45 Feudal Age
11:20 Double-Bit Axe
13:31 Horse Collar
Connection lost

Rejoining the realm…

Still unreachable

The connection could not be restored.

Session expired

The server has moved on; the page needs a fresh start.